TOP OF THE 1ST |
Greeneville Astros batting - Pitching for Bluefield Blue Jays : RHP Marcus Reiling
|
Pitching: RHP Marcus Reiling
|
|
Batting: RHB John Moore
|
0-0: Ball 1-0: Foul Ball, location: 2F 1-1: Ball 2-1: SINGLE (Groundball, 56D, EV 106.2 MPH)
|
Batting: RHB Keith Goodwin
|
0-0: Called Strike John Moore is caught stealing 2nd base 2-4 0-1: Ground out U3 (Groundball, 34, EV 101.9 MPH)
|
Batting: RHB Roger Pelley
|
0-0: Called Strike 0-1: Ball 1-1: Ball 2-1: Ground out U3 (Groundball, 13, EV 83.8 MPH)
|
Top of the 1st over - 0 runs, 1 hit, 0 errors, 0 left on base; Greeneville 0 - Bluefield 0 |
BOTTOM OF THE 1ST |
Bluefield Blue Jays batting - Pitching for Greeneville Astros : LHP Guadalupe Gonzalez
|
Pitching: LHP Guadalupe Gonzalez
|
|
Batting: LHB Nate Greening
|
0-0: Called Strike 0-1: Foul Ball, location: 2F 0-2: Ball 1-2: Ball 2-2: Ball 3-2: SINGLE (Groundball, 25, EV 68.8 MPH) (infield hit)
|
Batting: RHB Akira Kubo
|
0-0: Ball 1-0: Ball 2-0: Called Strike 2-1: Ball Nate Greening steals 2nd base (no throw) 3-1: Called Strike 3-2: Foul Ball, location: 2F 3-2: Foul Ball, location: 2F 3-2: Foul Ball, location: 2F 3-2: Strikes out swinging
|
Batting: RHB Mark Noftall
|
0-0: Ball 1-0: Called Strike 1-1: Swinging Strike 1-2: Foul Ball, location: 2F 1-2: Ball 2-2: Ground out 4-3 (Groundball, 4, EV 86.2 MPH) Nate Greening to third
|
Batting: RHB Terry Plumley
|
0-0: Ball 1-0: Called Strike 1-1: Ball 2-1: Ball Wild Pitch! Nate Greening scores 3-1: Base on Balls
|
Batting: RHB Jorge Cruz
|
0-0: Ball 1-0: Ball 2-0: Ball 3-0: Called Strike 3-1: Base on Balls Terry Plumley to second
|
Batting: RHB Ed Swafford
|
0-0: Ball 1-0: Ball 2-0: 3-RUN HOME RUN (Line Drive, 78XD, EV 115.0 MPH), Distance : 442 ft
|
Batting: LHB Ron de Vos
|
0-0: Foul Ball, location: 2F 0-1: Swinging Strike 0-2: Strikes out swinging
|
Bottom of the 1st over - 4 runs, 2 hits, 0 errors, 0 left on base; Greeneville 0 - Bluefield 4 |
TOP OF THE 2ND |
Greeneville Astros batting - Pitching for Bluefield Blue Jays : RHP Marcus Reiling
|
Batting: RHB Jarno van Lente
|
0-0: Called Strike 0-1: Ball 1-1: Ball 2-1: Ball 3-1: Base on Balls
|
Batting: LHB Ryan Fridley
|
0-0: Ball 1-0: Ball 2-0: Called Strike 2-1: Called Strike Jarno van Lente is caught stealing 2nd base 2-6 2-2: Foul Ball, location: 2F 2-2: Strikes out swinging
|
Batting: RHB Domingas Saragoa
|
0-0: Foul Ball, location: 2F 0-1: Ball 1-1: Foul Ball, location: 2F 1-2: Ball 2-2: Strikes out swinging
|
Top of the 2nd over - 0 runs, 0 hits, 0 errors, 0 left on base; Greeneville 0 - Bluefield 4 |
BOTTOM OF THE 2ND |
Bluefield Blue Jays batting - Pitching for Greeneville Astros : LHP Guadalupe Gonzalez
|
Batting: RHB Manny Elizondo
|
0-0: Ball 1-0: Ball 2-0: Ball 3-0: Foul Ball, location: 2F 3-1: Base on Balls
|
Batting: RHB Jorge Alva
|
0-0: Called Strike 0-1: Called Strike 0-2: Ball Manny Elizondo is caught stealing 2nd base 2-4 1-2: Ball 2-2: Ball 3-2: Strikes out swinging
|
Batting: LHB Nate Greening
|
0-0: Foul Ball, location: 2F 0-1: Called Strike 0-2: Ball 1-2: Ball 2-2: Ball 3-2: Base on Balls
|
Batting: RHB Akira Kubo
|
0-0: Ball Nate Greening steals 2nd base (no throw) 1-0: Called Strike 1-1: Foul Ball, location: 2F 1-2: Foul Ball, location: 2F 1-2: Ball 2-2: Foul Ball, location: 2F 2-2: Ball 3-2: Foul Ball, location: 2F 3-2: Base on Balls
|
Batting: RHB Mark Noftall
|
0-0: Called Strike 0-1: Foul Ball, location: 2F 0-2: Ball 1-2: Ball 2-2: Fielders Choice at 2nd, 6-4 (Groundball, 6, EV 85.6 MPH)
|
Bottom of the 2nd over - 0 runs, 0 hits, 0 errors, 2 left on base; Greeneville 0 - Bluefield 4 |
TOP OF THE 3RD |
Greeneville Astros batting - Pitching for Bluefield Blue Jays : RHP Marcus Reiling
|
Batting: RHB Devon Healy
|
0-0: Ball 1-0: Called Strike 1-1: Called Strike 1-2: Fly out, F9 (Flyball, 89D, EV 91.2 MPH)
|
Batting: LHB Guadalupe Gonzalez
|
0-0: Called Strike 0-1: Ground out 3-1 (Groundball, 34, EV 86.9 MPH)
|
Batting: LHB Gong Tow
|
0-0: Called Strike 0-1: Swinging Strike 0-2: Strikes out swinging
|
Top of the 3rd over - 0 runs, 0 hits, 0 errors, 0 left on base; Greeneville 0 - Bluefield 4 |
BOTTOM OF THE 3RD |
Bluefield Blue Jays batting - Pitching for Greeneville Astros : LHP Guadalupe Gonzalez
|
Batting: RHB Terry Plumley
|
0-0: SOLO HOME RUN (Flyball, 9D, EV 99.4 MPH), Distance : 392 ft
|
Pitching: RHP Ernie Bell
|
|
Batting: RHB Jorge Cruz
|
0-0: Called Strike 0-1: Called Strike 0-2: Strikes out looking
|
Batting: RHB Ed Swafford
|
0-0: Called Strike 0-1: Ball 1-1: Fly out, F4 (Popup, 3S, EV 88.1 MPH)
|
Batting: LHB Ron de Vos
|
0-0: Called Strike 0-1: Ball 1-1: Foul Ball, location: 2F 1-2: Ground out 4-3 (Groundball, 4M, EV 76.2 MPH)
|
Bottom of the 3rd over - 1 run, 1 hit, 0 errors, 0 left on base; Greeneville 0 - Bluefield 5 |
TOP OF THE 4TH |
Greeneville Astros batting - Pitching for Bluefield Blue Jays : RHP Marcus Reiling
|
Batting: RHB John Moore
|
0-0: Ground out 1-3 (Groundball, 13, EV 64.4 MPH)
|
Batting: RHB Keith Goodwin
|
0-0: Ball 1-0: Ground out 4-3 (Groundball, 4M, EV 83.1 MPH)
|
Batting: RHB Roger Pelley
|
0-0: Ball 1-0: Ball 2-0: Ball 3-0: Base on Balls
|
Batting: RHB Jarno van Lente
|
0-0: Foul Ball, location: 2F 0-1: Ball 1-1: Foul Ball, location: 2F 1-2: Ball 2-2: Strikes out swinging
|
Top of the 4th over - 0 runs, 0 hits, 0 errors, 1 left on base; Greeneville 0 - Bluefield 5 |
BOTTOM OF THE 4TH |
Bluefield Blue Jays batting - Pitching for Greeneville Astros : RHP Ernie Bell
|
Batting: RHB Manny Elizondo
|
0-0: Foul Ball, location: 2F 0-1: Ball 1-1: Foul Ball, location: 2F 1-2: Hit by Pitch
|
Batting: RHB Jorge Alva
|
0-0: Ball 1-0: Called Strike 1-1: Swinging Strike 1-2: Strikes out swinging
|
Batting: LHB Nate Greening
|
0-0: Ball Manny Elizondo steals 2nd base 1-0: Foul Ball, location: 2F 1-1: Swinging Strike 1-2: Foul Ball, location: 2F 1-2: Ball 2-2: Ball Passed Ball! Manny Elizondo to third 3-2: Strikes out swinging
|
Batting: RHB Akira Kubo
|
0-0: Called Strike 0-1: Ball 1-1: Ball 2-1: Ground out 5-3 (Groundball, 56S, EV 63.8 MPH)
|
Bottom of the 4th over - 0 runs, 0 hits, 0 errors, 1 left on base; Greeneville 0 - Bluefield 5 |
TOP OF THE 5TH |
Greeneville Astros batting - Pitching for Bluefield Blue Jays : RHP Marcus Reiling
|
Batting: LHB Ryan Fridley
|
0-0: Ball 1-0: Ball 2-0: Ball 3-0: Base on Balls
|
Batting: RHB Domingas Saragoa
|
0-0: Called Strike 0-1: Ball 1-1: Swinging Strike 1-2: Ball 2-2: Strikes out swinging
|
Batting: RHB Devon Healy
|
0-0: Grounds into double play, 6-4-3 (Groundball, 6, EV 83.8 MPH)
|
Top of the 5th over - 0 runs, 0 hits, 0 errors, 0 left on base; Greeneville 0 - Bluefield 5 |
BOTTOM OF THE 5TH |
Bluefield Blue Jays batting - Pitching for Greeneville Astros : RHP Ernie Bell
|
Batting: RHB Mark Noftall
|
0-0: Called Strike 0-1: Fly out, F4 (Popup, 4M, EV 79.4 MPH)
|
Batting: RHB Terry Plumley
|
0-0: Ball 1-0: Fly out, F8 (Flyball, 8LS, EV 88.8 MPH)
|
Batting: RHB Jorge Cruz
|
0-0: Called Strike 0-1: Ball 1-1: Swinging Strike 1-2: Foul Ball, location: 2F 1-2: DOUBLE (Groundball, 5L, EV 104.4 MPH)
|
Batting: RHB Ed Swafford
|
0-0: 2-RUN HOME RUN (Flyball, 78XD, EV 107.5 MPH), Distance : 413 ft
|
Batting: LHB Ron de Vos
|
0-0: Ball 1-0: Ball 2-0: Foul Ball, location: 2F 2-1: Called Strike 2-2: Foul Ball, location: 2F 2-2: Ball 3-2: Foul Ball, location: 2F 3-2: Hit by Pitch
|
Batting: RHB Manny Elizondo
|
0-0: Hit by Pitch Ron de Vos to second
|
Batting: RHB Jorge Alva
|
0-0: Called Strike 0-1: Ball 1-1: Fielders Choice at 2nd, 5-4 (Groundball, 5, EV 83.8 MPH)
|
Bottom of the 5th over - 2 runs, 2 hits, 0 errors, 2 left on base; Greeneville 0 - Bluefield 7 |
TOP OF THE 6TH |
Greeneville Astros batting - Pitching for Bluefield Blue Jays : RHP Marcus Reiling
|
Batting: LHB Guadalupe Gonzalez
|
0-0: Ball 1-0: Ball 2-0: Ground out 6-3 (Groundball, 6S, EV 86.2 MPH)
|
Batting: LHB Gong Tow
|
0-0: Swinging Strike 0-1: Foul Ball, location: 2F 0-2: Ball 1-2: Foul Ball, location: 2F 1-2: Strikes out swinging
|
Batting: RHB John Moore
|
0-0: Ball 1-0: Foul Ball, location: 2F 1-1: Fly out, F8 (Flyball, 8LM, EV 93.1 MPH)
|
Top of the 6th over - 0 runs, 0 hits, 0 errors, 0 left on base; Greeneville 0 - Bluefield 7 |
BOTTOM OF THE 6TH |
Bluefield Blue Jays batting - Pitching for Greeneville Astros : RHP Ernie Bell
|
Pitching: RHP Kuaika Anakala
|
|
Batting: LHB Nate Greening
|
0-0: Ball 1-0: Ball 2-0: Ball 3-0: Called Strike 3-1: Base on Balls
|
Batting: RHB Akira Kubo
|
0-0: Ball 1-0: Ball 2-0: Foul Ball, location: 2F 2-1: Fielders Choice at 2nd, 6-4 (Groundball, 6, EV 81.2 MPH)
|
Batting: RHB Mark Noftall
|
0-0: Ball 1-0: Ball 2-0: Ball 3-0: Called Strike 3-1: SINGLE (Line Drive, 5D, EV 103.8 MPH) Akira Kubo to second
|
Batting: RHB Terry Plumley
|
0-0: Ball 1-0: Foul Ball, location: 2F 1-1: Ball 2-1: Ball 3-1: Reached on error, E6 (Groundball, 6, EV 101.9 MPH) Akira Kubo to third Mark Noftall to second
|
Batting: RHB Jorge Cruz
|
0-0: Called Strike 0-1: Ball 1-1: Ball 2-1: Swinging Strike 2-2: Strikes out looking
|
Batting: RHB Ed Swafford
|
0-0: Ball 1-0: Called Strike 1-1: Ball 2-1: Ball 3-1: Base on Balls Akira Kubo scores Mark Noftall to third Terry Plumley to second
|
Pitching: LHP Chase Smith
|
|
Batting: LHB Ron de Vos
|
0-0: Ball 1-0: Ground out 4-3 (Groundball, 4, EV 79.4 MPH)
|
Bottom of the 6th over - 1 run, 1 hit, 1 error, 3 left on base; Greeneville 0 - Bluefield 8 |
TOP OF THE 7TH |
Greeneville Astros batting - Pitching for Bluefield Blue Jays : RHP Marcus Reiling
|
Now in LF: Manny Elizondo
|
|
Now in CF: Ron de Vos
|
|
Now in RF: Benedikt Fleischmann
|
|
Batting: RHB Keith Goodwin
|
0-0: Ball 1-0: Ball 2-0: Called Strike 2-1: Ball 3-1: Base on Balls
|
Batting: RHB Roger Pelley
|
0-0: Fly out, F9 (Flyball, 9S, EV 77.5 MPH)
|
Batting: RHB Jarno van Lente
|
0-0: Ball 1-0: Fly out, F8 (Flyball, 8RD, EV 105.0 MPH)
|
Batting: LHB Ryan Fridley
|
0-0: Ground out 4-3 (Groundball, 4, EV 83.1 MPH)
|
Top of the 7th over - 0 runs, 0 hits, 0 errors, 1 left on base; Greeneville 0 - Bluefield 8 |
BOTTOM OF THE 7TH |
Bluefield Blue Jays batting - Pitching for Greeneville Astros : LHP Chase Smith
|
Batting: RHB Manny Elizondo
|
0-0: Ground out 5-3 (Groundball, 56, EV 78.8 MPH)
|
Batting: RHB Benedikt Fleischmann
|
0-0: Ball 1-0: Ball 2-0: Ball 3-0: Base on Balls
|
Pinch Hitting: RHB Bobby Roldan
|
0-0: Called Strike 0-1: Ball 1-1: Foul Ball, location: 2F 1-2: Strikes out swinging
|
Batting: RHB Akira Kubo
|
0-0: Ball Wild Pitch! Benedikt Fleischmann to second 1-0: Called Strike 1-1: Ball 2-1: SINGLE (Line Drive, 7LS, EV 103.1 MPH) Benedikt Fleischmann to third Runner from 3rd tries for Home, SAFE, throw by LF to home
|
Batting: RHB Mark Noftall
|
0-0: Ball 1-0: Foul Ball, location: 2F 1-1: Ball 2-1: Fly out, F8 (Line Drive, 8RM, EV 93.1 MPH)
|
Bottom of the 7th over - 1 run, 1 hit, 0 errors, 1 left on base; Greeneville 0 - Bluefield 9 |
TOP OF THE 8TH |
Greeneville Astros batting - Pitching for Bluefield Blue Jays : RHP Marcus Reiling
|
Now at SS: Bobby Roldan
|
|
Batting: RHB Domingas Saragoa
|
0-0: Foul Ball, location: 2F 0-1: Ball 1-1: Ground out 5-3 (Groundball, 56S, EV 65.6 MPH)
|
Batting: RHB Devon Healy
|
0-0: Ball 1-0: Ball 2-0: Ball 3-0: Called Strike 3-1: Ground out U3 (Groundball, 13, EV 85.0 MPH)
|
Batting: LHB Guadalupe Gonzalez
|
0-0: Fly out, F6 (Line Drive, 6, EV 64.4 MPH)
|
Top of the 8th over - 0 runs, 0 hits, 0 errors, 0 left on base; Greeneville 0 - Bluefield 9 |
BOTTOM OF THE 8TH |
Bluefield Blue Jays batting - Pitching for Greeneville Astros : LHP Chase Smith
|
Batting: RHB Terry Plumley
|
0-0: Ball 1-0: Swinging Strike 1-1: Ball 2-1: Ball 3-1: Ground out 6-3 (Groundball, 6S, EV 87.5 MPH)
|
Batting: RHB Jorge Cruz
|
0-0: Called Strike 0-1: Ball 1-1: Ball 2-1: Foul Ball, location: 2F 2-2: Foul Ball, location: 2F 2-2: Ball 3-2: Base on Balls
|
Batting: RHB Ed Swafford
|
0-0: Called Strike 0-1: SINGLE (Line Drive, 56, EV 98.1 MPH) Jorge Cruz to second
|
Pinch Hitting: RHB Mike Chamberlain
|
0-0: Fielders Choice at 2nd, 6-4 (Groundball, 6, EV 90.6 MPH) Jorge Cruz to third
|
Batting: RHB Manny Elizondo
|
0-0: Called Strike 0-1: Foul Ball, location: 2F 0-2: Strikes out swinging, 2-3 out at first.
|
Bottom of the 8th over - 0 runs, 1 hit, 0 errors, 2 left on base; Greeneville 0 - Bluefield 9 |
TOP OF THE 9TH |
Greeneville Astros batting - Pitching for Bluefield Blue Jays : RHP Marcus Reiling
|
Now in CF: Mike Chamberlain
|
|
Pinch Hitting: RHB Hugo Priego
|
0-0: Ball 1-0: Swinging Strike 1-1: Called Strike 1-2: Strikes out swinging
|
Batting: RHB John Moore
|
0-0: Ball 1-0: Foul Ball, location: 2F 1-1: Foul Ball, location: 2F 1-2: Strikes out swinging
|
Batting: RHB Keith Goodwin
|
0-0: Called Strike 0-1: SINGLE (Groundball, 4MD, EV 100.0 MPH)
|
Batting: RHB Roger Pelley
|
0-0: Called Strike 0-1: Ball 1-1: 2-RUN HOME RUN (Flyball, 89XD, EV 103.8 MPH), Distance : 401 ft
|
Batting: RHB Jarno van Lente
|
0-0: Ball 1-0: Ball 2-0: Foul Ball, location: 2F 2-1: Foul Ball, location: 2F 2-2: Strikes out swinging
|
Top of the 9th over - 2 runs, 2 hits, 0 errors, 0 left on base; Greeneville 2 - Bluefield 9 |
|